Luka, lawful female dwarven Valkyrie $ ------- $ ||....-# -------- #......|## |......| $ $ #|.....|# |......| $ $ #-.....|# .<..{..| ###-------# |......| --------- $ # # # -......| +.....(.| ### # $ # ----.--- |.......| @ # # # # ########### # |.^.....| ---------# ### # ##########`#######`###############-..)....| |.......|# # # # # ### # --------- |.......|### # # # ### |.......-# # # -----------.-- # --------- # # |.........{...### # ## |............| ###-+-----## $ |............| $ #-......## |............| $ $ |.>...| |............| ------- $ -------------- $ Luka the Skirmisher Experience level: 3 Strength: 19 Dexterity: 12 Constitution: 16 Intelligence: 7 Wisdom: 14 Charisma: 8 Health: 38(38) Energy: 9(9) Def: 5 Gold: 209 Moves: 1279 Dungeon seed: VINwgA0P3B5frJhf Game ID: Luka_1521321437 Your Inventory: Coins $ - 209 gold pieces Weapons a - an uncursed +1 long sword (weapon in hand) b - an uncursed +0 dagger Armor e - an uncursed +3 small shield (being worn) n - an uncursed +0 oilskin cloak (being worn) q - a cursed -1 pair of fumble boots of carrying (being worn) Comestibles c - an uncursed food ration h - an uncursed lichen corpse o - an uncursed fortune cookie r - an uncursed slime mold Potions f - an uncursed potion of speed g - an uncursed potion of sleeping i - a cursed potion of see invisible p - a potion of unholy water t - an uncursed potion of levitation Tools d - an uncursed oil lamp (0:1170) Spells and supernatural/magical abilities: Name Level Category Fail Memory W - pray for help -- divine ? -- Your skills at the end: Fighting Skills wands [Basic] Weapon Skills dagger [Basic] long sword [Basic] Spellcasting Skills Final Attributes: You were immune to cold. You were protected from water. You fumbled. You had infravision. You were stealthy. You last prayed just now. You survived. Vanquished creatures: a small mimic an iguana a gecko 3 jackals a kobold a sewer rat 3 grid bugs a bat a lichen 5 newts 18 creatures vanquished. Voluntary challenges: You used a wielded weapon 21 times, starting on turn 74. You read items or engraved 2 times, starting on turn 1232. You never genocided any monsters. You never polymorphed an object. You never changed form. You used no wishes. You never split a pudding. You never wrote Elbereth's name. You never violated your personal moral code. Dungeon overview: The Dungeons of Doom: levels 1 to 5 Level 1 a long staircase Level 2 a hardware shop, a fountain Level 3 a general store, a fountain stairs to The Gnomish Mines Level 4 <- You were here some fountains Level 5 The Gnomish Mines: Level 4 stairs to The Dungeons of Doom History has recorded: On T:1 you entered the Dungeons of Doom to retrieve the Amulet of Yendor! On T:294 you reached level 2 of The Dungeons of Doom. On T:314 you reached level 3 of The Dungeons of Doom. On T:573 you advanced to experience level 2. On T:651 you advanced to experience level 3. On T:711 you reached level 1 of The Gnomish Mines. On T:873 you reached level 4 of The Dungeons of Doom. On T:1150 you reached level 5 of The Dungeons of Doom. Score breakdown: Gold: 209 ( 7899 points) Experience: 3 levels ( 7878 points) Exploration: 5 levels ( 10.64%) ( 8846 points) Discoveries: 9 items ( 3.61%) ( 5703 points) Valuables value: (no points given unless you survive) Artifact value: 0 ( 0 points) Variety of kills: 10 monsters ( 2.63%) ( 4866 points) Turncount: 1279 turns ( 0 points) Survival: quit (score multiplied by 90%) Total score: 31672 Latest messages: The door opens. The door closes. Ouch! You bump into a door. (2x) WHAMMM!!! WHAMMM!!! As you kick the door, it shatters to pieces! You slip and nearly fall. You stop running. [2 turns] Interesting... You slip and nearly fall. [2 turns] You begin praying to Tyr. You are surrounded by a shimmering light. You feel that Tyr is well-pleased. [3 turns] Final status: Farvel Luka the Valkyrie, quit... You quit in The Dungeons of Doom on dungeon level 4 with 31672 points, and 209 pieces of gold, after 1279 moves. You were level 3 with a maximum of 38 hit points when you quit.